 Dungeon Crawl Stone Soup version 0.20.1-1-g8b1a95d (webtiles) character file.

555 pomescollege the Spear-Bearer (level 7, -5/50 HPs)
             Began as a Merfolk Skald on Dec 29, 2017.
             Slain by pyndragon's ghost (9 damage)
             ... on level 4 of the Dungeon.
             The game lasted 00:13:15 (3575 turns).

pomescollege the Spear-Bearer (Merfolk Skald)       Turns: 3575, Time: 00:13:16

Health: -5/50      AC:  9    Str: 12    XL:     7   Next: 30%
Magic:  10/10      EV: 10    Int: 12    God:
Gold:   155        SH:  0    Dex: 15    Spells: 1/10 levels left

rFire    . . .     SeeInvis .   l - +0 halberd
rCold    . . .     Gourm    .   (shield currently unavailable)
rNeg     + . .     Faith    .   u - +1 scale mail {MR+}
rPois    .         Spirit   .   (no helmet)
rElec    .         Reflect  .   (no cloak)
rCorr    .         Harm     .   (no gloves)
MR       +....                  e - +1 pair of boots
Stlth    ..........             (no amulet)
Regen    0.2/turn               s - ring of positive energy
MPRegen  0.2/turn               (no ring)

@: no status effects
A: change form in water, swift swim, stealthy swim
a: no special abilities


You were on level 4 of the Dungeon.
You were hungry.

You visited 1 branch of the dungeon, and saw 4 of its levels.
You also visited: Sewer.

You collected 155 gold pieces.

Inventory:

Hand Weapons
 a - a +0 spear
 l - a +0 halberd (weapon)
Armour
 b - a +0 leather armour
 e - a +1 pair of boots (worn)
 j - a +0 shield
 u - a +1 scale mail of magic resistance (worn)
Jewellery
 s - a ring of positive energy (left hand)
Scrolls
 g - a scroll of remove curse {unknown}
 i - a scroll of teleportation {unknown}
 n - 2 scrolls of enchant weapon {unknown}
 p - a scroll of magic mapping {unknown}
 q - a scroll of amnesia {unknown}
 t - a scroll of fear {unknown}
 v - 2 scrolls of enchant armour {unknown}
 x - a scroll of acquirement {unknown}
 y - a scroll of identify
 z - a scroll of blinking {unknown}
Potions
 h - a potion of lignification {unknown}
 k - 2 potions of might {unknown}
 r - a potion of ambrosia {unknown}
 w - a potion of degeneration {unknown}
Books
 c - a book of Battle

   Spells                             Type                      Level
   a - Infusion                       Charms                       1
   b - Shroud of Golubria             Charms/Translocation         2
   c - Song of Slaying                Charms                       2
   d - Spectral Weapon                Hexes/Charms                 3
   e - Regeneration                   Charms/Necromancy            3
Comestibles
 d - 2 bread rations
 f - 2 meat rations
 o - 2 royal jellies


   Skills:
 - Level 2.1 Fighting
 * Level 9.3 Polearms
 - Level 0.6 Armour
 - Level 2.6 Dodging
 - Level 2.0 Spellcasting
 + Level 5.7 Charms


You had one spell level left.
You knew the following spells:

 Your Spells              Type           Power        Failure   Level  Hunger
a - Infusion              Chrm           ###.         14%         1    ##.....
b - Song of Slaying       Chrm           ###.....     21%         2    ###....
c - Spectral Weapon       Hex/Chrm       #.......     80%         3    ####...
d - Regeneration          Chrm/Necr      #.........   80%         3    ####...


Dungeon Overview and Level Annotations

Branches:
Dungeon (4/15)
 Temple: D:4-7

Altars:
Xom

Shops:
D:4 (

Annotations:
D:4 pyndragon's ghost, amateur MiFi


Message History

You closely miss pyndragon's ghost.
Pyndragon's ghost is severely damaged.
You are feeling hungry.
Pyndragon's ghost closely misses you.
You hit pyndragon's ghost but do no damage.
Pyndragon's ghost is severely damaged.
Pyndragon's ghost barely misses you.
You hit pyndragon's ghost.
Pyndragon's ghost is severely damaged.
Your song has ended.
Pyndragon's ghost hits you!
* * * LOW HITPOINT WARNING * * *
Your scale mail prevents you from hitting pyndragon's ghost.
Pyndragon's ghost is severely damaged.
Pyndragon's ghost hits you.
* * * LOW HITPOINT WARNING * * *
You hit pyndragon's ghost.
Pyndragon's ghost is almost destroyed.
Pyndragon's ghost hits you!
You die...

#####..≈≈≈≈≈≈≈.≈#####
.......##########.... ..
..........†........ ...
#####........###'####.##
# ########....)....... .
#...........# .
#.........$.' .
#.....[.....# ..o
#....@..?...# ...
#.....W....<# ...
#...........# .
#...........# .
#...........# #
#...........# #+#
#...........# ...
#...........# ...


You could see pyndragon's ghost.

Vanquished Creatures
  2 bullfrogs (Sewer)
  2 worker ants (D:4)
  An orc wizard (D:3)
  4 gnolls (D:2)
  11 adders
  14 oozes
  2 worms
  A dart slug (D:3)
  14 leopard geckos
  15 orcs
  11 ball pythons (Sewer)
  4 bats
  9 giant cockroaches
  7 goblins
  9 hobgoblins
  2 jackals (D:4)
  A quokka (D:2)
  14 frilled lizards
  6 kobolds
  A quokka skeleton (D:4)
  7 rats
137 creatures vanquished.

Notes
Turn   | Place    | Note
-------+----------+-------------------------------------------
     0 | D:1      | pomescollege the Merfolk Skald began the quest for the Orb.
     0 | D:1      | Reached XP level 1. HP: 16/16 MP: 3/3
    69 | D:1      | Reached XP level 2. HP: 7/22 MP: 3/5
   332 | D:1      | Reached skill level 4 in Polearms
   337 | D:1      | Learned a level 2 spell: Song of Slaying
   414 | D:1      | Reached XP level 3. HP: 27/27 MP: 2/6
   767 | D:2      | Reached skill level 5 in Polearms
   767 | D:2      | Reached XP level 4. HP: 31/33 MP: 0/7
   927 | D:2      | Learned a level 3 spell: Spectral Weapon
  1063 | D:2      | Reached XP level 5. HP: 15/38 MP: 0/8
  1071 | D:2      | Reached skill level 6 in Polearms
  1781 | D:3      | Reached skill level 7 in Polearms
  1966 | D:3      | Reached skill level 5 in Charms
  2165 | D:4      | Found a shimmering altar of Xom.
  2175 | D:4      | Reached XP level 6. HP: 44/44 MP: 6/9
  2537 | D:4      | Found Salaoxtyrch's Antique Weapon Shop.
  2583 | D:4      | Found a glowing drain.
  2594 | Sewer    | Entered a sewer
  2792 | Sewer    | Reached skill level 8 in Polearms
  2800 | Sewer    | Learned a level 3 spell: Regeneration
  3185 | Sewer    | Reached skill level 9 in Polearms
  3185 | Sewer    | Reached XP level 7. HP: 24/50 MP: 10/10
  3549 | D:4      | Noticed pyndragon's ghost (amateur MiFi)
  3575 | D:4      | Slain by pyndragon's ghost

Skill      XL: |  1  2  3  4  5  6 |
---------------+-------------------+-----
Polearms       | 4 5 7 9 |  9.3
Charms         | 4 5 |  5.7
Fighting       | |  2.1
Armour         | |  0.6
Dodging        | |  2.6
Spellcasting   | |  2.0

Action                   |  1- 3 |  4- 6 |  7- 9 || total
-------------------------+-------+-------+-------++-------
Melee: Spear             |    88 |    45 |       ||   133
       Halberd           |       |   251 |    31 ||   282
       Tailslap          |       |     9 |     1 ||    10
 Cast: Infusion          |    12 |    19 |       ||    31
       Song of Slaying   |       |     5 |     1 ||     6
  Use: Scroll            |       |     4 |       ||     4
 Stab: Sleeping          |       |     2 |       ||     2
  Eat: Chunk             |       |     8 |     1 ||     9
       Fruit             |       |     1 |       ||     1
Armor: Leather armour    |    10 |    21 |       ||    31
       Scale mail        |       |   106 |    18 ||   124
Dodge: Dodged            |    45 |   170 |    17 ||   232
